WLB
CINCINNATI REDS @ NEW YORK YANKEES
08/02/2023
 
TOP OF THE 1ST
Cincinnati Reds batting - Pitching for New York Yankees : RHP Edward Cabrera
Pitching: RHP Edward Cabrera
Batting: RHB Wil Myers 0-0: Ball
1-0: Ball
2-0: Ball
3-0: Called Strike
3-1: Fly out, F8 (Flyball, 78S, EV 85.6 MPH)
Batting: RHB Brendan Rodgers 0-0: Called Strike
0-1: Ball
1-1: Foul Ball, location: 2F
1-2: SINGLE (Groundball, 6MD, EV 103.1 MPH)
Batting: LHB Tyler Naquin 0-0: Called Strike
0-1: Ball
1-1: Ball
2-1: Ball
3-1: Fly out, F8 (Flyball, 8LM, EV 97.5 MPH)
Batting: RHB Jo Adell 0-0: Called Strike
0-1: Foul Ball, location: 2F
0-2: Ball
1-2: Foul Ball, location: 2F
1-2: Ball
2-2: Foul Ball, location: 2F
2-2: Foul Ball, location: 2F
2-2: Foul Ball, location: 2F
2-2: Foul Ball, location: 2F
2-2: Foul Ball, location: 2F
2-2: Foul Ball, location: 2F
2-2: Ball
3-2: Foul Ball, location: 2F
3-2: Ground out 1-3 (Groundball, P, EV 60.0 MPH)
Top of the 1st over - 0 runs, 1 hit, 0 errors, 1 left on base; Cincinnati 0 - New York 0
BOTTOM OF THE 1ST
New York Yankees batting - Pitching for Cincinnati Reds : RHP Daulton Jefferies
Pitching: RHP Daulton Jefferies
Batting: RHB Tim Anderson 0-0: Ball
1-0: Ground out 5-3 (Groundball, 5, EV 80.6 MPH)
Batting: RHB Anthony Volpe 0-0: Called Strike
0-1: Called Strike
0-2: SINGLE (Groundball, 56D, EV 105.0 MPH)
Batting: LHB Seth Brown 0-0: DOUBLE (Flyball, 7D, EV 85.0 MPH)
Anthony Volpe to third
Batting: SHB Ozzie Albies 0-0: Ground out 4-3 (Groundball, 4M, EV 101.2 MPH)
Anthony Volpe scores
Seth Brown to third
Batting: RHB Ty France 0-0: Ground out 6-3 (Groundball, 6, EV 107.5 MPH)
Bottom of the 1st over - 1 run, 2 hits, 0 errors, 1 left on base; Cincinnati 0 - New York 1
TOP OF THE 2ND
Cincinnati Reds batting - Pitching for New York Yankees : RHP Edward Cabrera
Batting: RHB Miguel Sanó 0-0: Foul Ball, location: 2F
0-1: Foul Ball, location: 2F
0-2: Strikes out looking
Batting: LHB Joey Gallo 0-0: Ball
1-0: Called Strike
1-1: Foul Ball, location: 2F
1-2: Strikes out swinging
Batting: RHB Derek Hill 0-0: Foul Ball, location: 2F
0-1: Ball
1-1: Called Strike
1-2: Foul Ball, location: 2F
1-2: Foul Ball, location: 2F
1-2: Strikes out swinging
Top of the 2nd over - 0 runs, 0 hits, 0 errors, 0 left on base; Cincinnati 0 - New York 1
BOTTOM OF THE 2ND
New York Yankees batting - Pitching for Cincinnati Reds : RHP Daulton Jefferies
Batting: LHB Steven Kwan 0-0: Swinging Strike
0-1: SINGLE (Groundball, 4D, EV 105.0 MPH)
Batting: RHB Christian Vázquez 0-0: Ball
1-0: Fly out, F9 (Flyball, 89M, EV 76.2 MPH)
Batting: LHB Kyle Schwarber 0-0: Ball
1-0: Swinging Strike
1-1: Called Strike
1-2: Ball
2-2: Foul Ball, location: 2F
2-2: Ball
3-2: Fly out, F5 (Popup, 25, EV 82.5 MPH)
Batting: RHB Randy Arozarena 0-0: Ball
1-0: Fielders Choice at 2nd, 6-4 (Groundball, 6, EV 93.8 MPH)
Bottom of the 2nd over - 0 runs, 1 hit, 0 errors, 1 left on base; Cincinnati 0 - New York 1
TOP OF THE 3RD
Cincinnati Reds batting - Pitching for New York Yankees : RHP Edward Cabrera
Batting: LHB Nicky Lopez 0-0: Called Strike
0-1: Called Strike
0-2: Ball
1-2: Strikes out looking
Batting: RHB Austin Hedges 0-0: Ball
1-0: Ball
2-0: Called Strike
2-1: Foul Ball, location: 2F
2-2: Foul Ball, location: 2F
2-2: Strikes out swinging
Batting: RHB Wil Myers 0-0: Ground out 5-3 (Groundball, 56S, EV 86.9 MPH)
Top of the 3rd over - 0 runs, 0 hits, 0 errors, 0 left on base; Cincinnati 0 - New York 1
BOTTOM OF THE 3RD
New York Yankees batting - Pitching for Cincinnati Reds : RHP Daulton Jefferies
Batting: RHB Tim Anderson 0-0: Ball
1-0: Ball
2-0: Ball
3-0: Called Strike
3-1: Base on Balls
Batting: RHB Anthony Volpe 0-0: Ball
1-0: Ball
2-0: Foul Ball, location: 2F
2-1: Sac Bunt to 13 - play at first, batter OUT! 1-3
Tim Anderson to second
Batting: LHB Seth Brown 0-0: Ball
1-0: Called Strike
1-1: Foul Ball, location: 2F
1-2: Ball
2-2: DOUBLE (Flyball, 8LXD, EV 98.1 MPH)
Tim Anderson scores
Batting: SHB Ozzie Albies 0-0: Called Strike
0-1: Ball
1-1: Swinging Strike
1-2: SINGLE (Groundball, 34S, EV 70.6 MPH) (infield hit)
Seth Brown to third
Batting: RHB Ty France 0-0: Ball
1-0: Foul Ball, location: 2F
1-1: Foul Ball, location: 2F
1-2: Strikes out swinging
Batting: LHB Steven Kwan 0-0: Ball
1-0: Called Strike
1-1: Ball
2-1: SINGLE (Groundball, 56D, EV 98.8 MPH) (infield hit)
Seth Brown scores
Ozzie Albies to second
Batting: RHB Christian Vázquez 0-0: Swinging Strike
0-1: Foul Ball, location: 2F
0-2: Fly out, F8 (Line Drive, 78M, EV 88.1 MPH)
Bottom of the 3rd over - 2 runs, 3 hits, 0 errors, 2 left on base; Cincinnati 0 - New York 3
TOP OF THE 4TH
Cincinnati Reds batting - Pitching for New York Yankees : RHP Edward Cabrera
Batting: RHB Brendan Rodgers 0-0: Called Strike
0-1: Ball
1-1: Ball
2-1: Ground out 5-3 (Groundball, 56S, EV 90.6 MPH)
Batting: LHB Tyler Naquin 0-0: Ball
1-0: Ball
2-0: Swinging Strike
2-1: Called Strike
2-2: Ball
3-2: Strikes out looking
Batting: RHB Jo Adell 0-0: Called Strike
0-1: Swinging Strike
0-2: Strikes out swinging
Top of the 4th over - 0 runs, 0 hits, 0 errors, 0 left on base; Cincinnati 0 - New York 3
BOTTOM OF THE 4TH
New York Yankees batting - Pitching for Cincinnati Reds : RHP Daulton Jefferies
Batting: LHB Kyle Schwarber 0-0: Called Strike
0-1: Ball
1-1: Foul Ball, location: 2F
1-2: Foul Ball, location: 2F
1-2: Ball
2-2: Ball
3-2: SOLO HOME RUN (Flyball, 89XD, EV 108.1 MPH), Distance : 414 ft
Batting: RHB Randy Arozarena 0-0: Called Strike
0-1: Ball
1-1: Fly out, F5 (Popup, 5L, EV 61.9 MPH)
Batting: RHB Tim Anderson 0-0: Ground out 6-3 (Groundball, 6, EV 103.1 MPH)
DELAY Rain delay of 63 minutes in the 4th inning.
Batting: RHB Anthony Volpe 0-0: Foul Ball, location: 2F
0-1: Ball
1-1: Hit by Pitch
Batting: LHB Seth Brown 0-0: Called Strike
0-1: Ball
1-1: Foul Ball, location: 2F
1-2: DOUBLE (Line Drive, 78XD, EV 106.2 MPH)
Anthony Volpe to third
Runner from 3rd tries for Home, SAFE, throw by LF to home
Pitching: RHP Reggie McClain
Batting: SHB Ozzie Albies 0-0: Ball
1-0: Foul Ball, location: 2F
1-1: Foul Ball, location: 2F
1-2: Ball
2-2: SINGLE (Groundball, 4M, EV 111.2 MPH) (infield hit)
Seth Brown to third
Batting: RHB Ty France 0-0: Called Strike
0-1: Ball
1-1: DOUBLE (Line Drive, 5D, EV 102.5 MPH)
Seth Brown scores
Ozzie Albies to third
Runner from 3rd tries for Home, SAFE, throw by LF to home
Pinch Runner at 2nd Brandon Belt:
Batting: LHB Steven Kwan 0-0: Ball
1-0: Ball
2-0: TRIPLE (Flyball, 78XD, EV 99.4 MPH)
Brandon Belt scores
Batting: RHB Christian Vázquez 0-0: Called Strike
0-1: SINGLE (Groundball, 56D, EV 103.8 MPH)
Steven Kwan scores
Batting: LHB Kyle Schwarber 0-0: Ball
1-0: Called Strike
1-1: Called Strike
1-2: Ball
2-2: Strikes out looking
Bottom of the 4th over - 6 runs, 6 hits, 0 errors, 1 left on base; Cincinnati 0 - New York 9
TOP OF THE 5TH
Cincinnati Reds batting - Pitching for New York Yankees : RHP Edward Cabrera
Now at 1B: Brandon Belt
Batting: RHB Miguel Sanó 0-0: Ball
1-0: Called Strike
1-1: Foul Ball, location: 2F
1-2: Ball
2-2: Foul Ball, location: 2F
2-2: SINGLE (Line Drive, 8RS, EV 100.0 MPH)
Batting: LHB Joey Gallo 0-0: Called Strike
0-1: Foul Ball, location: 2F
0-2: Ball
1-2: Reached on error, E4 (Groundball, 4, EV 91.9 MPH)
Miguel Sanó to second
Batting: RHB Derek Hill 0-0: Ball
1-0: Called Strike
1-1: Foul Ball, location: 2F
1-2: Ball
2-2: Foul Ball, location: 2F
2-2: Grounds into double play, 6-4-3 (Groundball, 56, EV 103.8 MPH)
Miguel Sanó to third
Pitching: LHP Braxton Garrett
Batting: LHB Nicky Lopez 0-0: Called Strike
0-1: Called Strike
0-2: Ball
1-2: Ball
2-2: Fly out, F4 (Popup, 13, EV 81.2 MPH)
Top of the 5th over - 0 runs, 1 hit, 1 error, 1 left on base; Cincinnati 0 - New York 9
BOTTOM OF THE 5TH
New York Yankees batting - Pitching for Cincinnati Reds : RHP Reggie McClain
Batting: RHB Randy Arozarena 0-0: Ground out 4-3 (Groundball, 4, EV 89.4 MPH)
Batting: RHB Tim Anderson 0-0: Called Strike
0-1: Ground out 5-3 (Groundball, 5, EV 101.9 MPH)
Batting: RHB Anthony Volpe 0-0: Ball
1-0: Reached on error, E6 (Groundball, 6M, EV 106.2 MPH)
Batting: LHB Seth Brown 0-0: Called Strike
0-1: Swinging Strike
0-2: Ball
1-2: Strikes out looking
Bottom of the 5th over - 0 runs, 0 hits, 1 error, 1 left on base; Cincinnati 0 - New York 9
TOP OF THE 6TH
Cincinnati Reds batting - Pitching for New York Yankees : LHP Braxton Garrett
Batting: RHB Austin Hedges 0-0: Ball
1-0: Called Strike
1-1: Fly out, F8 (Flyball, 8RD, EV 93.8 MPH)
Batting: RHB Wil Myers 0-0: Ball
1-0: Called Strike
1-1: Ball
2-1: Ball
3-1: DOUBLE (Line Drive, 8RXD, EV 100.0 MPH)
Batting: RHB Brendan Rodgers 0-0: Ball
1-0: Foul Ball, location: 2F
1-1: Hit by Pitch
Batting: LHB Tyler Naquin 0-0: SINGLE (Line Drive, 89S, EV 101.9 MPH)
Wil Myers to third
Brendan Rodgers to second
Batting: RHB Jo Adell 0-0: Ball
1-0: GRAND SLAM HOME RUN (Flyball, 8RXD, EV 114.4 MPH), Distance : 423 ft
Pitching: RHP Ken Giles
Batting: RHB Miguel Sanó 0-0: Called Strike
0-1: Ball
1-1: Foul Ball, location: 2F
1-2: Strikes out swinging
Batting: LHB Joey Gallo 0-0: Ball
1-0: Ball
2-0: Ball
3-0: Foul Ball, location: 2F
3-1: Called Strike
3-2: Foul Ball, location: 2F
3-2: Strikes out swinging
Top of the 6th over - 4 runs, 3 hits, 0 errors, 0 left on base; Cincinnati 4 - New York 9
BOTTOM OF THE 6TH
New York Yankees batting - Pitching for Cincinnati Reds : RHP Reggie McClain
Pitching: RHP R.J. Alvarez
Batting: SHB Ozzie Albies 0-0: Ball
1-0: Ball
2-0: Ball
3-0: Ground out 4-3 (Groundball, 4, EV 84.4 MPH)
Batting: LHB Brandon Belt 0-0: Called Strike
0-1: Called Strike
0-2: Ball
1-2: Strikes out swinging
Batting: LHB Steven Kwan 0-0: Called Strike
0-1: Ball
1-1: Ball
2-1: Ball
3-1: DOUBLE (Groundball, 3L, EV 103.1 MPH)
Batting: RHB Christian Vázquez 0-0: Ball
1-0: Ground out 4-3 (Groundball, 4S, EV 87.5 MPH)
Bottom of the 6th over - 0 runs, 1 hit, 0 errors, 1 left on base; Cincinnati 4 - New York 9
TOP OF THE 7TH
Cincinnati Reds batting - Pitching for New York Yankees : RHP Ken Giles
Batting: RHB Derek Hill 0-0: Swinging Strike
0-1: Ball
1-1: Ground out 6-3 (Groundball, 6, EV 82.5 MPH)
Batting: LHB Nicky Lopez 0-0: Swinging Strike
0-1: Ball
1-1: Called Strike
1-2: Strikes out swinging
Batting: RHB Austin Hedges 0-0: Called Strike
0-1: Ball
1-1: Ball
2-1: Ball
3-1: Fly out, F8 (Flyball, 8LM, EV 76.2 MPH)
Top of the 7th over - 0 runs, 0 hits, 0 errors, 0 left on base; Cincinnati 4 - New York 9
BOTTOM OF THE 7TH
New York Yankees batting - Pitching for Cincinnati Reds : RHP R.J. Alvarez
Batting: LHB Kyle Schwarber 0-0: Foul Ball, location: 2F
0-1: Foul Ball, location: 2F
0-2: Strikes out looking
Batting: RHB Randy Arozarena 0-0: Ball
1-0: Ball
2-0: SINGLE (Line Drive, 7S, EV 101.2 MPH)
Batting: RHB Tim Anderson 0-0: Called Strike
0-1: Ball
1-1: Ball
2-1: Fly out, F3 (Popup, 34S, EV 83.8 MPH)
Batting: RHB Anthony Volpe 0-0: Called Strike
Randy Arozarena steals 2nd base
0-1: Called Strike
0-2: Foul Ball, location: 2F
0-2: Foul Ball, location: 2F
0-2: Ball
1-2: Ball
2-2: Ball
3-2: Base on Balls
Pitching: RHP Wandisson Charles
Batting: LHB Seth Brown 0-0: Ball
1-0: Called Strike
1-1: Ball
2-1: Ball
3-1: Swinging Strike
3-2: Base on Balls
Randy Arozarena to third
Anthony Volpe to second
Batting: SHB Ozzie Albies 0-0: Ball
1-0: Called Strike
1-1: Ball
2-1: GRAND SLAM HOME RUN (Flyball, 89XD, EV 113.8 MPH), Distance : 449 ft
Batting: LHB Brandon Belt 0-0: Foul Ball, location: 2F
0-1: Foul Ball, location: 2F
0-2: Fly out, F9 (Line Drive, 89M, EV 85.6 MPH)
Bottom of the 7th over - 4 runs, 2 hits, 0 errors, 0 left on base; Cincinnati 4 - New York 13
TOP OF THE 8TH
Cincinnati Reds batting - Pitching for New York Yankees : RHP Ken Giles
Pitching: LHP Andrew Heaney
Batting: RHB Wil Myers 0-0: Ball
1-0: Ball
2-0: DOUBLE (Line Drive, 78D, EV 105.6 MPH)
Batting: RHB Brendan Rodgers 0-0: Ball
1-0: Ball
2-0: Ground out U3 (Groundball, 34S, EV 80.0 MPH)
Wil Myers to third
Batting: LHB Tyler Naquin 0-0: Ball
1-0: Ball
2-0: SINGLE (Line Drive, 8LS, EV 103.8 MPH)
Wil Myers scores
Pinch Hitting: RHB Oscar Mercado 0-0: Foul Ball, location: 2F
0-1: Ball
1-1: Ball
2-1: Ball
3-1: Called Strike
3-2: Strikes out swinging
Tyler Naquin steals 2nd base (no throw)
Batter strikes out.
Batting: RHB Miguel Sanó 0-0: Called Strike
0-1: Ground out 5-3 (Groundball, 56, EV 100.6 MPH)
Top of the 8th over - 1 run, 2 hits, 0 errors, 1 left on base; Cincinnati 5 - New York 13
BOTTOM OF THE 8TH
New York Yankees batting - Pitching for Cincinnati Reds : RHP Wandisson Charles
Now in RF: Oscar Mercado
Batting: LHB Steven Kwan 0-0: SINGLE (Line Drive, 4MD, EV 97.5 MPH)
Batting: RHB Christian Vázquez 0-0: Foul Ball, location: 2F
0-1: Foul Ball, location: 2F
0-2: Ball
1-2: SINGLE (Line Drive, 9S, EV 101.9 MPH)
Steven Kwan to second
Batting: LHB Kyle Schwarber 0-0: Foul Ball, location: 2F
0-1: Ball
1-1: Foul Ball, location: 2F
1-2: Foul Ball, location: 2F
1-2: Ball
2-2: Strikes out swinging
Batting: RHB Randy Arozarena 0-0: Called Strike
0-1: Ball
1-1: Ball
2-1: Ball
3-1: Foul Ball, location: 2F
3-2: Strikes out swinging
Batting: RHB Tim Anderson 0-0: Called Strike
0-1: Called Strike
0-2: Ball
1-2: Foul Ball, location: 2F
1-2: Ball
2-2: Strikes out swinging
Bottom of the 8th over - 0 runs, 2 hits, 0 errors, 2 left on base; Cincinnati 5 - New York 13
TOP OF THE 9TH
Cincinnati Reds batting - Pitching for New York Yankees : LHP Andrew Heaney
Batting: LHB Joey Gallo 0-0: Called Strike
0-1: Foul Ball, location: 2F
0-2: Ball
1-2: Foul Ball, location: 2F
1-2: Ball
2-2: Ball
3-2: Fly out, F8 (Flyball, 8RD, EV 99.4 MPH)
Batting: RHB Derek Hill 0-0: Ball
1-0: Ball
2-0: Ball
3-0: Called Strike
3-1: Foul Ball, location: 2F
3-2: Ground out 5-3 (Groundball, 56, EV 90.0 MPH)
Batting: LHB Nicky Lopez 0-0: Called Strike
0-1: Foul Ball, location: 2F
0-2: Strikes out swinging
Top of the 9th over - 0 runs, 0 hits, 0 errors, 0 left on base; Cincinnati 5 - New York 13
Thursday, June 1st , 2023 - OOTP Baseball 23.10 Build 110